Griffins vs Little Stars
Created - January 20, 2023 at 21:11
Goals
|
Griffins |
2 |
0 |
0 |
0 |
1 |
3 |
Little Stars |
0 |
1 |
1 |
0 |
0 |
2 |
|
Shots
|
Griffins |
8 |
8 |
3 |
0 |
5 |
19 |
Little Stars |
3 |
13 |
12 |
0 |
5 |
28 |
|
1st period
1. Griffins , Lucas Lessio 11 (Dmitri Orlov 9) at 1:09
2. Griffins , Brendan Woods 5 (Nico Hischier 12, Troy Terry 5) at 14:29
Penalties :
Frederic Allard (Tex) for Hooking (Minor) at 9:29
2nd period
3. Little Stars , Daniel O'regan 20 (Adam Tambellini 18, Tucker Poolman 8) at 17:59
Penalties :
Sonny Milano (Gra) for Boarding (Minor) at 0:20, Dmitri Orlov (Gra) for Interference (Minor) at 3:59, Reece Willcox (Tex) for Hooking (Minor) at 10:38, Jack Roslovic (Gra) for Interference (Minor) at 14:07
3rd period
4. Little Stars , Matt Luff 3 (Jason Dickinson 7, Michael Mersch 5) at 9:56
Penalties :
Ryan Pulock (Gra) for Holding (Minor) at 1:05, Vladislav Namestnikov (Gra) for Tripping (Minor) at 1:47, Riley Armstrong (Gra) for Hooking (Minor) at 4:40, Ian McCoshen (Gra) for Boarding (Minor) at 12:46
Overtime #1
No Goal
Penalties :
No Penalty
Shootout
Griffins, Jack Roslovic - Stopped by Michael Houser
Little Stars, Ilya Mikheyev - Shot Misses the Net
Griffins, Adam Gaudette - Shot Misses the Net
Little Stars, Adam Tambellini - Stopped by Joni Ortio
Griffins, Riley Armstrong - Stopped by Michael Houser
Little Stars, Daniel O'regan - Stopped by Joni Ortio
Griffins, Lucas Lessio - Stopped by Michael Houser
Little Stars, Henrik Borgstrom - Shot Misses the Net
Griffins, Brendan Woods - Goal!
Little Stars, Joakim Nygard - Stopped by Joni Ortio
Penalties :
No Penalty
Goalie Stats
Joni Ortio (Gra), 26 saves from 28 shots - (0.929), W, 4-3-0, 65:00 minutes
Michael Houser (Tex), 17 saves from 19 shots - (0.895), OTL, 3-9-5, 65:00 minutes
Players Stats for Griffins
Player Name G A P +/- PIM S H SB GA TA FO MP PP MP PK MP
------------------------------------------------------------------------------------
Adam Gaudette 0 0 0 -1 0 2 3 1 1 0 1/2 15:49 1:50 0:00
Alexandre Texier 0 0 0 1 0 0 0 0 0 0 0/0 7:24 0:00 0:00
Brendan Woods 1 0 1 0 0 1 2 1 1 0 0/2 21:25 2:04 7:19
Chris Bigras 0 0 0 -1 0 1 0 0 0 1 0/0 25:40 0:00 7:02
Dmitri Orlov 0 1 1 1 2 0 3 1 0 0 0/0 19:45 1:43 1:47
Ian McCoshen 0 0 0 1 2 0 2 1 0 1 0/0 19:37 0:00 4:35
Jack Roslovic 0 0 0 0 2 2 1 1 0 1 11/19 19:06 2:02 2:16
Joe Morrow 0 0 0 0 0 1 5 1 0 0 0/0 16:10 2:15 0:00
Lucas Lessio 1 0 1 1 0 2 2 1 0 1 0/0 12:31 0:25 4:13
Martin Frk 0 0 0 0 0 1 1 1 0 1 1/1 15:12 1:43 0:00
Nico Hischier 0 1 1 0 0 1 1 0 0 0 3/6 13:31 1:44 1:20
Riley Armstrong 0 0 0 -1 2 2 3 0 0 2 4/8 17:27 1:44 2:24
Ryan Lindgren 0 0 0 0 0 0 3 2 0 1 0/0 20:10 0:00 7:09
Ryan Pulock 0 0 0 -1 2 1 3 1 0 0 0/0 23:49 0:00 4:48
Sonny Milano 0 0 0 -1 2 0 0 1 2 0 1/2 15:28 2:18 0:00
Troy Terry 0 1 1 0 0 2 0 0 0 0 0/0 11:55 0:00 0:00
Tyler Bertuzzi 0 0 0 0 0 3 5 0 2 0 0/0 17:25 2:02 0:02
Vladislav Namestnikov 0 0 0 1 2 0 2 1 0 0 7/14 13:36 0:00 6:11
Players Stats for Little Stars
Player Name G A P +/- PIM S H SB GA TA FO MP PP MP PK MP
------------------------------------------------------------------------------------
Adam Tambellini 0 1 1 1 0 1 0 0 1 0 0/2 23:46 6:49 2:12
Alex Belzile 0 0 0 0 0 1 4 0 0 0 0/0 17:56 5:35 0:00
Connor Mackey 0 0 0 1 0 0 0 0 1 0 0/0 13:55 0:00 0:00
Daniel O'regan 1 0 1 1 0 1 1 1 0 0 16/34 23:38 6:49 2:12
Emile Poirier 0 0 0 -2 0 1 0 0 1 0 0/0 10:52 0:12 0:41
Eric Knodel 0 0 0 -1 0 3 2 1 0 1 0/0 29:23 6:42 2:09
Frederic Allard 0 0 0 1 2 1 1 1 0 0 0/0 14:49 0:00 0:33
Henrik Borgstrom 0 0 0 0 0 0 1 0 0 0 2/7 18:33 5:35 1:05
Ilya Mikheyev 0 0 0 1 0 6 3 0 1 0 1/2 19:36 6:49 0:00
Jason Dickinson 0 1 1 1 0 5 1 0 0 1 4/5 11:45 0:12 0:23
Joakim Nygard 0 0 0 0 0 0 1 0 2 0 1/1 19:29 5:35 1:23
Justin Auger 0 0 0 -2 0 1 0 0 0 1 0/0 9:22 0:12 0:00
Matt Luff 1 0 1 1 0 3 1 0 0 0 1/1 10:32 0:00 0:00
Michael Mersch 0 1 1 1 0 2 0 0 0 0 0/0 12:31 0:00 0:00
Reece Willcox 0 0 0 -1 2 0 0 2 1 1 0/0 28:08 6:42 0:59
Roman Horak 0 0 0 -2 0 1 2 0 0 0 1/2 8:01 0:00 0:00
Tucker Poolman 0 1 1 0 0 1 3 1 0 1 0/0 21:41 5:54 1:49
Ville Pokka 0 0 0 0 0 1 3 1 1 1 0/0 22:03 5:54 2:26
3 Stars
1 - Lucas Lessio (Gra)
2 - Brendan Woods (Gra)
3 - Daniel O'regan (Tex)
Power Play
Griffins - 0 on 2 Attempt(s) - 0.00%
Little Stars - 0 on 7 Attempt(s) - 0.00%
Penalty Kill
Griffins - 7 on 7 Attempt(s) - 100.00%
- Score 0 goal in Penalty Kill
Little Stars - 2 on 2 Attempt(s) - 100.00%
- Score 0 goal in Penalty Kill
Team Stat
Griffins - Hits : 36 - Faceoff Wins : 28 - Blocked Shots : 13 - Penalty Minutes : 14
Little Stars - Hits : 23 - Faceoff Wins : 26 - Blocked Shots : 7 - Penalty Minutes : 4
Official
Referees : Jacob Brenk and Corey Syvret
Linesman : Tyson Baker and Jesse Marquis
Game Notes
No Game Note
Finance
Level 1 -- Attendance: 1889 (94.45%) -- Ticket Income $66,115
Level 2 -- Attendance: 942 (94.20%) -- Ticket Income $14,130
Total Attendance: 2831 (94.37%)
Total Ticket Income: $80,245
Other Income: $4,012
Total Income: $84,257
Griffins
5 vs 5 Forward
Center Left Wing Right Wing Time % Phy DF OF
1 Jack Roslovic Tyler Bertuzzi Martin Frk 40 1 2 2
2 Riley Armstrong Sonny Milano Adam Gaudette 30 1 2 2
3 Nico Hischier Brendan Woods Troy Terry 20 1 2 2
4 Vladislav Namestnikov Lucas Lessio Alexandre Texier 10 1 2 2
5 vs 5 Defense
Defense Defense Time % Phy DF OF
1 Ryan Pulock Chris Bigras 40 1 4 0
2 Dmitri Orlov Ian McCoshen 30 1 4 0
3 Joe Morrow Ryan Lindgren 20 1 4 0
4 Joe Morrow Ryan Lindgren 10 1 4 0
PowerPlay Forward
Center Left Wing Right Wing Time % Phy DF OF
1 Jack Roslovic Tyler Bertuzzi Brendan Woods 60 1 2 2
2 Riley Armstrong Nico Hischier Adam Gaudette 40 1 2 2
PowerPlay Defense
Defense Defense Time % Phy DF OF
1 Joe Morrow Sonny Milano 60 1 2 2
2 Dmitri Orlov Martin Frk 40 1 2 2
Penalty Kill 4 Players Forward
Center Wing Time % Phy DF OF
1 Vladislav Namestnikov Brendan Woods 60 1 2 2
2 Riley Armstrong Lucas Lessio 40 1 2 2
Penalty Kill 4 Players Defense
Defense Defense Time % Phy DF OF
1 Chris Bigras Ryan Lindgren 60 1 2 2
2 Ryan Pulock Ian McCoshen 40 1 2 2
Penalty Kill - 3 Players Forward
Forward Time % Phy DF OF
1 Brendan Woods 60 1 2 2
2 Riley Armstrong 40 1 2 2
Penalty Kill - 3 Players Defense
Defense Defense Time % Phy DF OF
1 Chris Bigras Ryan Lindgren 60 1 2 2
2 Ian McCoshen Ryan Pulock 40 1 2 2
4 vs 4 Forward
Center Wing Time % Phy DF OF
1 Jack Roslovic Tyler Bertuzzi 60 1 2 2
2 Riley Armstrong Adam Gaudette 40 1 2 2
4 vs 4 Defense
Defense Defense Time % Phy DF OF
1 Ian McCoshen Dmitri Orlov 60 1 2 2
2 Chris Bigras Ryan Pulock 40 1 2 2
Last Minutes Offensive
Center Left Wing Right Wing Defense Defense
Jack Roslovic Tyler Bertuzzi Lucas Lessio Adam Gaudette Dmitri Orlov
Last Minutes Defensive
Center Left Wing Right Wing Defense Defense
Riley Armstrong Brendan Woods Lucas Lessio Chris Bigras Ian McCoshen
Goaltenders
Starting : Joni Ortio
Backup : Adam Werner
Extra Forwards
Normal : Tyler Bertuzzi, Brendan Woods, Troy Terry - PP : Lucas Lessio, Sonny Milano - PK : Jack Roslovic
Extra Defensemen
Normal : Ian McCoshen, Ryan Pulock, Dmitri Orlov - PP : Ian McCoshen - PK : Ryan Lindgren, Dmitri Orlov
Penalty Shots
Jack Roslovic, Adam Gaudette, Riley Armstrong, Lucas Lessio, Brendan Woods
Scratches
Klim Kostin (Healthy), Morgan Barron (Healthy), Lias Andersson (Healthy), Jack Studnicka (Healthy), Greg McKegg (Healthy)
Jack Ramsey (Healthy), Sebastian Ahaut (Healthy), Konrad Abeltshauser (Healthy), Michael Bunting (Healthy), Conor Timmins (Healthy)
Tanner Kero (Healthy), Tomas Hyka (Healthy), Nick Swaney (Healthy), Marcus Hogberg (Healthy), Philippe Desrosiers (Healthy)
Little Stars
5 vs 5 Forward
Center Left Wing Right Wing Time % Phy DF OF
1 Daniel O'regan Adam Tambellini Ilya Mikheyev 40 1 2 2
2 Henrik Borgstrom Joakim Nygard Alex Belzile 30 1 2 2
3 Jason Dickinson Michael Mersch Matt Luff 20 1 2 2
4 Roman Horak Emile Poirier Justin Auger 10 1 2 2
5 vs 5 Defense
Defense Defense Time % Phy DF OF
1 Eric Knodel Reece Willcox 40 1 2 2
2 Tucker Poolman Ville Pokka 30 1 2 2
3 Frederic Allard Connor Mackey 20 1 2 2
4 Eric Knodel Reece Willcox 10 1 2 2
PowerPlay Forward
Center Left Wing Right Wing Time % Phy DF OF
1 Daniel O'regan Adam Tambellini Ilya Mikheyev 60 1 2 2
2 Henrik Borgstrom Joakim Nygard Alex Belzile 40 1 2 2
PowerPlay Defense
Defense Defense Time % Phy DF OF
1 Eric Knodel Reece Willcox 60 1 2 2
2 Tucker Poolman Ville Pokka 40 1 2 2
Penalty Kill 4 Players Forward
Center Wing Time % Phy DF OF
1 Daniel O'regan Adam Tambellini 60 1 2 2
2 Henrik Borgstrom Joakim Nygard 40 1 2 2
Penalty Kill 4 Players Defense
Defense Defense Time % Phy DF OF
1 Eric Knodel Reece Willcox 60 1 2 2
2 Tucker Poolman Ville Pokka 40 1 2 2
Penalty Kill - 3 Players Forward
Forward Time % Phy DF OF
1 Daniel O'regan 60 1 2 2
2 Henrik Borgstrom 40 1 2 2
Penalty Kill - 3 Players Defense
Defense Defense Time % Phy DF OF
1 Eric Knodel Reece Willcox 60 1 2 2
2 Tucker Poolman Ville Pokka 40 1 2 2
4 vs 4 Forward
Center Wing Time % Phy DF OF
1 Daniel O'regan Adam Tambellini 60 1 2 2
2 Henrik Borgstrom Joakim Nygard 40 1 2 2
4 vs 4 Defense
Defense Defense Time % Phy DF OF
1 Eric Knodel Reece Willcox 60 1 2 2
2 Tucker Poolman Ville Pokka 40 1 2 2
Last Minutes Offensive
Center Left Wing Right Wing Defense Defense
Daniel O'regan Adam Tambellini Ilya Mikheyev Eric Knodel Reece Willcox
Last Minutes Defensive
Center Left Wing Right Wing Defense Defense
Daniel O'regan Adam Tambellini Ilya Mikheyev Eric Knodel Reece Willcox
Goaltenders
Starting : Michael Houser
Backup : Connor Knapp
Extra Forwards
Normal : Joakim Nygard, Alex Belzile, Michael Mersch - PP : Joakim Nygard, Alex Belzile - PK : Joakim Nygard
Extra Defensemen
Normal : Ville Pokka, Frederic Allard, Connor Mackey - PP : Ville Pokka - PK : Ville Pokka, Frederic Allard
Penalty Shots
Ilya Mikheyev, Adam Tambellini, Daniel O'regan, Henrik Borgstrom, Joakim Nygard
Scratches
Filip Chytil (Healthy), Jean-Christophe Beaudin (Healthy), Jordan LaVallee (Torn Left Knee Ligaments Injury), Lawrence Pilut (Healthy), Radel Fazleev (Healthy)
Rudolfs Balcers (Healthy), Shane Gersich (Healthy), Yakov Trenin (Healthy), Joey Anderson (Healthy), Jonathan Dahlen (Healthy)
Givani Smith (Healthy), Danil Tarasov (Healthy)
% Time on Ice - Griffins
Lines # - Real PCT - Wanted PCT - Time Play
Normal Forward
1 - 33% - 40% - 14:33
2 - 28% - 30% - 12:20
3 - 21% - 20% - 9:09
4 - 17% - 10% - 7:24
Normal Defense
1 - 41% - 40% - 17:43
2 - 30% - 30% - 13:04
3 - 21% - 20% - 8:56
4 - 9% - 10% - 3:43
PP Forward
1 - 56% - 60% - 2:14
2 - 44% - 40% - 1:44
PP Defense
1 - 57% - 60% - 2:15
2 - 43% - 40% - 1:43
PK Forward
1 - 73% - 60% - 8:18
2 - 27% - 40% - 3:01
PK Defense
1 - 54% - 60% - 6:08
2 - 46% - 40% - 5:11
PK3 Forward
1 - 86% - 60% - 1:06
2 - 14% - 40% - 0:11
PK3 Defense
1 - 49% - 60% - 0:38
2 - 51% - 40% - 0:39
44 Forward
1 - 76% - 60% - 3:49
2 - 24% - 40% - 1:11
44 Defense
1 - 53% - 60% - 2:40
2 - 47% - 40% - 2:20
Last Minute Offensive - 0:00
Last Minute Defensive - 0:00
Total
Forward - 65:00
Defense - 65:00
|
% Time on Ice - Little Stars
Lines # - Real PCT - Wanted PCT - Time Play
Normal Forward
1 - 30% - 40% - 13:04
2 - 28% - 30% - 12:01
3 - 24% - 20% - 10:20
4 - 18% - 10% - 8:01
Normal Defense
1 - 39% - 40% - 16:49
2 - 28% - 30% - 12:05
3 - 30% - 20% - 13:05
4 - 3% - 10% - 1:27
PP Forward
1 - 56% - 60% - 7:01
2 - 44% - 40% - 5:35
PP Defense
1 - 53% - 60% - 6:42
2 - 47% - 40% - 5:54
PK Forward
1 - 73% - 60% - 2:53
2 - 27% - 40% - 1:05
PK Defense
1 - 54% - 60% - 2:09
2 - 46% - 40% - 1:49
PK3 Forward
1 - 0% - 60%
2 - 0% - 40%
PK3 Defense
1 - 0% - 60%
2 - 0% - 40%
44 Forward
1 - 81% - 60% - 4:03
2 - 19% - 40% - 0:57
44 Defense
1 - 67% - 60% - 3:22
2 - 33% - 40% - 1:38
Last Minute Offensive - 0:00
Last Minute Defensive - 0:00
Total
Forward - 65:00
Defense - 65:00
|
Play-by-Play
1st period
0:01 of 1st period - Daniel O'regan wins face-off versus Jack Roslovic in neutral zone.
0:52 of 1st period - Chris Bigras is hit by Jason Dickinson and loses puck.
1:09 of 1st period - Snap shot by Lucas Lessio.
1:09 of 1st period - Goal by Lucas Lessio - Griffins : 1 - Little Stars : 0.
1:10 of 1st period - Daniel O'regan wins face-off versus Jack Roslovic in neutral zone.
1:13 of 1st period - Slapshot by Ilya Mikheyev.
1:13 of 1st period - Shot Misses the Net.
1:23 of 1st period - Wrist shot by Adam Tambellini.
1:23 of 1st period - Shot Misses the Net.
1:37 of 1st period - Eric Knodel is hit by Joe Morrow and loses puck.
2:17 of 1st period - Icing by Eric Knodel.
2:18 of 1st period - Nico Hischier wins face-off versus Jason Dickinson in Little Stars zone.
2:45 of 1st period - Slapshot by Jack Roslovic.
2:45 of 1st period - Shot Blocked by Ville Pokka.
3:27 of 1st period - Snap shot by Emile Poirier.
3:27 of 1st period - Shot Misses the Net.
4:25 of 1st period - Wrist shot by Michael Mersch.
4:25 of 1st period - Shot Blocked by Adam Gaudette.
4:27 of 1st period - Snap shot by Jason Dickinson.
4:27 of 1st period - Shot Misses the Net.
4:29 of 1st period - Wrist shot by Jason Dickinson.
4:29 of 1st period - Stopped by Joni Ortio without a rebound.
4:30 of 1st period - Daniel O'regan wins face-off versus Jack Roslovic in Griffins zone.
4:55 of 1st period - Reece Willcox is hit by Lucas Lessio and loses puck.
5:52 of 1st period - Roman Horak is hit by Ryan Lindgren and loses puck.
6:27 of 1st period - Frederic Allard is hit by Joe Morrow and loses puck.
7:31 of 1st period - Snap shot by Troy Terry.
7:31 of 1st period - Shot Blocked by Tucker Poolman.
9:10 of 1st period - Wrist shot by Riley Armstrong.
9:10 of 1st period - Deflect By Adam Gaudette.
9:10 of 1st period - Shot Misses the Net.
9:10 of 1st period - Puck is out of play.
9:11 of 1st period - Daniel O'regan wins face-off versus Jack Roslovic in Little Stars zone.
9:22 of 1st period - Snap shot by Jack Roslovic.
9:22 of 1st period - Shot Blocked by Frederic Allard.
9:24 of 1st period - Snap shot by Martin Frk.
9:24 of 1st period - Stopped by Michael Houser with a rebound.
9:26 of 1st period - Slapshot by Ryan Pulock.
9:26 of 1st period - Stopped by Michael Houser without a rebound.
9:27 of 1st period - Joakim Nygard wins face-off versus Adam Gaudette in Little Stars zone.
9:29 of 1st period - Minor Penalty to Frederic Allard for Hooking.
9:30 of 1st period - Daniel O'regan wins face-off versus Jack Roslovic in Little Stars zone.
9:30 of 1st period - Daniel O'regan is hit by Joe Morrow.
11:29 of 1st period - Penalty to Frederic Allard is over, Frederic Allard is back on ice.
12:25 of 1st period - Wrist shot by Michael Mersch.
12:25 of 1st period - Shot Misses the Net.
12:35 of 1st period - Chris Bigras is hit by Joakim Nygard and loses puck.
12:55 of 1st period - Icing by Henrik Borgstrom.
12:56 of 1st period - Nico Hischier wins face-off versus Henrik Borgstrom in Little Stars zone.
13:20 of 1st period - Off-side.
13:21 of 1st period - Nico Hischier wins face-off versus Daniel O'regan in neutral zone.
14:15 of 1st period - Wrist shot by Justin Auger.
14:15 of 1st period - Stopped by Joni Ortio with a rebound.
14:29 of 1st period - Snap shot by Brendan Woods.
14:29 of 1st period - Goal by Brendan Woods - Griffins : 2 - Little Stars : 0.
14:30 of 1st period - Jack Roslovic wins face-off versus Daniel O'regan in neutral zone.
15:20 of 1st period - Backhand shot by Jason Dickinson.
15:20 of 1st period - Deflect By Matt Luff.
15:20 of 1st period - Shot Blocked by Lucas Lessio.
15:20 of 1st period - Puck is out of play.
15:21 of 1st period - Jason Dickinson wins face-off versus Vladislav Namestnikov in Griffins zone.
15:28 of 1st period - Jason Dickinson is hit by Joe Morrow and loses puck.
15:37 of 1st period - Wrist shot by Lucas Lessio.
15:37 of 1st period - Stopped by Michael Houser with a rebound.
16:17 of 1st period - Wrist shot by Henrik Borgstrom.
16:17 of 1st period - Shot Misses the Net.
16:19 of 1st period - Wrist shot by Henrik Borgstrom.
16:19 of 1st period - Shot Blocked by Sonny Milano.
16:57 of 1st period - Snap shot by Michael Mersch.
16:57 of 1st period - Stopped by Joni Ortio with a rebound.
17:01 of 1st period - Snap shot by Michael Mersch.
17:01 of 1st period - Shot Misses the Net.
17:11 of 1st period - Adam Tambellini is hit by Tyler Bertuzzi and loses puck.
18:13 of 1st period - Wrist shot by Martin Frk.
18:13 of 1st period - Shot Blocked by Eric Knodel.
18:46 of 1st period - Chris Bigras is hit by Ilya Mikheyev and loses puck.
19:01 of 1st period - Henrik Borgstrom is hit by Adam Gaudette and loses puck.
19:06 of 1st period - Snap shot by Adam Gaudette.
19:06 of 1st period - Stopped by Michael Houser with a rebound.
19:08 of 1st period - Wrist shot by Sonny Milano.
19:08 of 1st period - Shot Misses the Net.
19:10 of 1st period - Wrist shot by Riley Armstrong.
19:10 of 1st period - Stopped by Michael Houser with a rebound.
19:22 of 1st period - Roman Horak is hit by Ryan Pulock and loses puck.
19:27 of 1st period - Wrist shot by Nico Hischier.
19:27 of 1st period - Stopped by Michael Houser without a rebound.
19:28 of 1st period - Daniel O'regan wins face-off versus Jack Roslovic in Little Stars zone.
19:42 of 1st period - Icing by Eric Knodel.
19:43 of 1st period - Daniel O'regan wins face-off versus Riley Armstrong in Little Stars zone.
19:58 of 1st period - Wrist shot by Daniel O'regan.
19:58 of 1st period - Shot Misses the Net.
Goals for this period are 2 for Griffins vs 0 for Little Stars.
Shots for this period are 8 for Griffins vs 3 for Little Stars.
2nd period
0:01 of 2nd period - Jack Roslovic wins face-off versus Daniel O'regan in neutral zone.
0:20 of 2nd period - Minor Penalty to Sonny Milano for Boarding.
0:21 of 2nd period - Vladislav Namestnikov wins face-off versus Daniel O'regan in Griffins zone.
0:29 of 2nd period - Wrist shot by Eric Knodel.
0:29 of 2nd period - Stopped by Joni Ortio with a rebound.
0:31 of 2nd period - Slapshot by Eric Knodel.
0:31 of 2nd period - Stopped by Joni Ortio with a rebound.
0:33 of 2nd period - Snap shot by Reece Willcox.
0:33 of 2nd period - Shot Misses the Net.
0:35 of 2nd period - Slapshot by Reece Willcox.
0:35 of 2nd period - Shot Blocked by Ryan Lindgren.
0:37 of 2nd period - Snap shot by Eric Knodel.
0:37 of 2nd period - Shot Misses the Net.
2:05 of 2nd period - Ryan Pulock is hit by Eric Knodel.
2:20 of 2nd period - Penalty to Sonny Milano is over, Sonny Milano is back on ice.
2:56 of 2nd period - Nico Hischier is hit by Roman Horak and loses puck.
3:03 of 2nd period - Slapshot by Chris Bigras.
3:03 of 2nd period - Stopped by Michael Houser with a rebound.
3:34 of 2nd period - Daniel O'regan is hit by Dmitri Orlov.
3:44 of 2nd period - Justin Auger is hit by Brendan Woods and loses puck.
3:59 of 2nd period - Minor Penalty to Dmitri Orlov for Interference.
4:00 of 2nd period - Vladislav Namestnikov wins face-off versus Daniel O'regan in Griffins zone.
4:00 of 2nd period - Vladislav Namestnikov is hit by Ville Pokka.
4:07 of 2nd period - Icing by Ilya Mikheyev.
4:08 of 2nd period - Vladislav Namestnikov wins face-off versus Daniel O'regan in Little Stars zone.
4:25 of 2nd period - Snap shot by Daniel O'regan.
4:25 of 2nd period - Shot Blocked by Ian McCoshen.
4:27 of 2nd period - Slapshot by Tucker Poolman.
4:27 of 2nd period - Shot Misses the Net.
4:29 of 2nd period - Slapshot by Tucker Poolman.
4:29 of 2nd period - Stopped by Joni Ortio with a rebound.
4:37 of 2nd period - Wrist shot by Daniel O'regan.
4:37 of 2nd period - Shot Misses the Net.
4:39 of 2nd period - Snap shot by Ilya Mikheyev.
4:39 of 2nd period - Stopped by Joni Ortio with a rebound.
4:41 of 2nd period - Slapshot by Ville Pokka.
4:41 of 2nd period - Shot Hit the Post.
4:43 of 2nd period - Slapshot by Ville Pokka.
4:43 of 2nd period - Deflect By Ryan Pulock.
4:43 of 2nd period - Stopped by Joni Ortio with a rebound.
4:45 of 2nd period - Slapshot by Ilya Mikheyev.
4:45 of 2nd period - Shot Blocked by Ryan Pulock.
4:47 of 2nd period - Slapshot by Ilya Mikheyev.
4:47 of 2nd period - Stopped by Joni Ortio without a rebound.
4:48 of 2nd period - Riley Armstrong wins face-off versus Henrik Borgstrom in Griffins zone.
5:59 of 2nd period - Penalty to Dmitri Orlov is over, Dmitri Orlov is back on ice.
6:34 of 2nd period - Adam Gaudette is hit by Frederic Allard and loses puck.
6:52 of 2nd period - Wrist shot by Troy Terry.
6:52 of 2nd period - Stopped by Michael Houser without a rebound.
6:53 of 2nd period - Roman Horak wins face-off versus Nico Hischier in Little Stars zone.
6:53 of 2nd period - Roman Horak is hit by Brendan Woods.
7:17 of 2nd period - Jack Roslovic is hit by Ilya Mikheyev and loses puck.
8:27 of 2nd period - Jack Roslovic is hit by Henrik Borgstrom and loses puck.
8:43 of 2nd period - Icing by Adam Tambellini.
8:44 of 2nd period - Daniel O'regan wins face-off versus Riley Armstrong in Little Stars zone.
8:46 of 2nd period - Icing by Ilya Mikheyev.
8:47 of 2nd period - Riley Armstrong wins face-off versus Daniel O'regan in Little Stars zone.
8:50 of 2nd period - Snap shot by Sonny Milano.
8:50 of 2nd period - Deflect By Adam Gaudette.
8:50 of 2nd period - Stopped by Michael Houser without a rebound.
8:51 of 2nd period - Martin Frk wins face-off versus Adam Tambellini in Little Stars zone.
8:57 of 2nd period - Off-side.
8:58 of 2nd period - Jack Roslovic wins face-off versus Daniel O'regan in neutral zone.
9:01 of 2nd period - Daniel O'regan is hit by Tyler Bertuzzi.
9:25 of 2nd period - Slapshot by Eric Knodel.
9:25 of 2nd period - Stopped by Joni Ortio without a rebound.
9:26 of 2nd period - Riley Armstrong wins face-off versus Henrik Borgstrom in Griffins zone.
9:26 of 2nd period - Riley Armstrong is hit by Tucker Poolman.
9:32 of 2nd period - Alex Belzile is hit by Riley Armstrong and loses puck.
9:51 of 2nd period - Nico Hischier is hit by Tucker Poolman and loses puck.
10:12 of 2nd period - Tucker Poolman is hit by Martin Frk and loses puck.
10:19 of 2nd period - Snap shot by Jack Roslovic.
10:19 of 2nd period - Deflect By Martin Frk.
10:19 of 2nd period - Shot Misses the Net.
10:19 of 2nd period - Puck is out of play.
10:20 of 2nd period - Riley Armstrong wins face-off versus Henrik Borgstrom in Little Stars zone.
10:33 of 2nd period - Snap shot by Riley Armstrong.
10:33 of 2nd period - Deflect By Adam Gaudette.
10:33 of 2nd period - Shot Blocked by Reece Willcox.
10:33 of 2nd period - Puck is out of play.
10:34 of 2nd period - Jack Roslovic wins face-off versus Daniel O'regan in Little Stars zone.
10:38 of 2nd period - Minor Penalty to Reece Willcox for Hooking.
10:39 of 2nd period - Jack Roslovic wins face-off versus Daniel O'regan in Little Stars zone.
12:05 of 2nd period - Ville Pokka is hit by Riley Armstrong and loses puck.
12:38 of 2nd period - Penalty to Reece Willcox is over, Reece Willcox is back on ice.
12:48 of 2nd period - Slapshot by Matt Luff.
12:48 of 2nd period - Shot Misses the Net.
13:05 of 2nd period - Frederic Allard is hit by Vladislav Namestnikov and loses puck.
13:28 of 2nd period - Snap shot by Henrik Borgstrom.
13:28 of 2nd period - Shot Misses the Net.
13:42 of 2nd period - Snap shot by Emile Poirier.
13:42 of 2nd period - Shot Blocked by Vladislav Namestnikov.
13:45 of 2nd period - Icing by Chris Bigras.
13:46 of 2nd period - Vladislav Namestnikov wins face-off versus Roman Horak in Griffins zone.
13:51 of 2nd period - Backhand shot by Roman Horak.
13:51 of 2nd period - Stopped by Joni Ortio without a rebound.
13:52 of 2nd period - Adam Gaudette wins face-off versus Daniel O'regan in Griffins zone.
13:57 of 2nd period - Riley Armstrong is hit by Eric Knodel and loses puck.
14:04 of 2nd period - Snap shot by Ilya Mikheyev.
14:04 of 2nd period - Shot Misses the Net.
14:06 of 2nd period - Slapshot by Daniel O'regan.
14:06 of 2nd period - Deflect By Adam Tambellini.
14:06 of 2nd period - Shot Blocked by Ryan Lindgren.
14:06 of 2nd period - Puck is out of play.
14:07 of 2nd period - Jack Roslovic wins face-off versus Daniel O'regan in Griffins zone.
14:07 of 2nd period - Minor Penalty to Jack Roslovic for Interference.
14:08 of 2nd period - Daniel O'regan wins face-off versus Vladislav Namestnikov in Griffins zone.
14:09 of 2nd period - Snap shot by Ilya Mikheyev.
14:09 of 2nd period - Shot Blocked by Brendan Woods.
14:59 of 2nd period - Ryan Pulock is hit by Daniel O'regan.
15:37 of 2nd period - Reece Willcox is hit by Nico Hischier and loses puck.
16:07 of 2nd period - Penalty to Jack Roslovic is over, Jack Roslovic is back on ice.
16:36 of 2nd period - Martin Frk is hit by Roman Horak and loses puck.
16:43 of 2nd period - Eric Knodel is hit by Joe Morrow and loses puck.
17:05 of 2nd period - Icing by Reece Willcox.
17:06 of 2nd period - Daniel O'regan wins face-off versus Vladislav Namestnikov in Little Stars zone.
17:10 of 2nd period - Off-side.
17:11 of 2nd period - Daniel O'regan wins face-off versus Vladislav Namestnikov in neutral zone.
17:26 of 2nd period - Off-side.
17:27 of 2nd period - Henrik Borgstrom wins face-off versus Jack Roslovic in neutral zone.
17:29 of 2nd period - Ville Pokka is hit by Tyler Bertuzzi and loses puck.
17:59 of 2nd period - Backhand shot by Daniel O'regan.
17:59 of 2nd period - Goal by Daniel O'regan - Griffins : 2 - Little Stars : 1.
18:00 of 2nd period - Jack Roslovic wins face-off versus Daniel O'regan in neutral zone.
18:09 of 2nd period - Wrist shot by Tyler Bertuzzi.
18:09 of 2nd period - Stopped by Michael Houser with a rebound.
18:15 of 2nd period - Wrist shot by Tyler Bertuzzi.
18:15 of 2nd period - Shot Blocked by Reece Willcox.
18:54 of 2nd period - Icing by Tucker Poolman.
18:55 of 2nd period - Matt Luff wins face-off versus Nico Hischier in Little Stars zone.
19:24 of 2nd period - Wrist shot by Michael Mersch.
19:24 of 2nd period - Deflect By Jason Dickinson.
19:24 of 2nd period - Stopped by Joni Ortio with a rebound.
19:26 of 2nd period - Snap shot by Michael Mersch.
19:26 of 2nd period - Stopped by Joni Ortio with a rebound.
19:28 of 2nd period - Snap shot by Matt Luff.
19:28 of 2nd period - Deflect By Nico Hischier.
19:28 of 2nd period - Stopped by Joni Ortio with a rebound.
19:30 of 2nd period - Slapshot by Frederic Allard.
19:30 of 2nd period - Stopped by Joni Ortio without a rebound.
19:31 of 2nd period - Jack Roslovic wins face-off versus Daniel O'regan in Griffins zone.
19:38 of 2nd period - Snap shot by Martin Frk.
19:38 of 2nd period - Shot Blocked by Daniel O'regan.
19:40 of 2nd period - Wrist shot by Tyler Bertuzzi.
19:40 of 2nd period - Stopped by Michael Houser with a rebound.
19:42 of 2nd period - Snap shot by Tyler Bertuzzi.
19:42 of 2nd period - Stopped by Michael Houser with a rebound.
19:44 of 2nd period - Snap shot by Jack Roslovic.
19:44 of 2nd period - Stopped by Michael Houser with a rebound.
19:46 of 2nd period - Slapshot by Jack Roslovic.
19:46 of 2nd period - Stopped by Michael Houser without a rebound.
19:47 of 2nd period - Henrik Borgstrom wins face-off versus Sonny Milano in Little Stars zone.
Goals for this period are 0 for Griffins vs 1 for Little Stars.
Shots for this period are 8 for Griffins vs 13 for Little Stars.
3rd period
0:01 of 3rd period - Jack Roslovic wins face-off versus Ilya Mikheyev in neutral zone.
0:26 of 3rd period - Alex Belzile is hit by Riley Armstrong and loses puck.
0:31 of 3rd period - Wrist shot by Riley Armstrong.
0:31 of 3rd period - Shot Misses the Net.
0:33 of 3rd period - Snap shot by Riley Armstrong.
0:33 of 3rd period - Stopped by Michael Houser with a rebound.
0:49 of 3rd period - Slapshot by Jason Dickinson.
0:49 of 3rd period - Stopped by Joni Ortio with a rebound.
0:51 of 3rd period - Slapshot by Matt Luff.
0:51 of 3rd period - Stopped by Joni Ortio with a rebound.
0:57 of 3rd period - Slapshot by Michael Mersch.
0:57 of 3rd period - Shot Misses the Net.
0:59 of 3rd period - Slapshot by Reece Willcox.
0:59 of 3rd period - Shot Misses the Net.
1:05 of 3rd period - Minor Penalty to Ryan Pulock for Holding.
1:06 of 3rd period - Vladislav Namestnikov wins face-off versus Daniel O'regan in Griffins zone.
1:19 of 3rd period - Slapshot by Ilya Mikheyev.
1:19 of 3rd period - Shot Misses the Net.
1:21 of 3rd period - Slapshot by Ilya Mikheyev.
1:21 of 3rd period - Stopped by Joni Ortio without a rebound.
1:22 of 3rd period - Daniel O'regan wins face-off versus Vladislav Namestnikov in Griffins zone.
1:23 of 3rd period - Snap shot by Ilya Mikheyev.
1:23 of 3rd period - Stopped by Joni Ortio without a rebound.
1:24 of 3rd period - Ilya Mikheyev wins face-off versus Brendan Woods in Griffins zone.
1:47 of 3rd period - Minor Penalty to Vladislav Namestnikov for Tripping.
1:48 of 3rd period - Daniel O'regan wins face-off versus Brendan Woods in Griffins zone.
2:15 of 3rd period - Brendan Woods is hit by Alex Belzile and loses puck.
3:05 of 3rd period - Penalty to Ryan Pulock is over, Ryan Pulock is back on ice.
3:27 of 3rd period - Alex Belzile is hit by Ryan Lindgren and loses puck.
3:47 of 3rd period - Penalty to Vladislav Namestnikov is over, Vladislav Namestnikov is back on ice.
4:03 of 3rd period - Snap shot by Joakim Nygard.
4:03 of 3rd period - Deflect By Alex Belzile.
4:03 of 3rd period - Stopped by Joni Ortio without a rebound.
4:04 of 3rd period - Jack Roslovic wins face-off versus Daniel O'regan in Griffins zone.
4:13 of 3rd period - Slapshot by Daniel O'regan.
4:13 of 3rd period - Shot Hit the Post.
4:15 of 3rd period - Slapshot by Frederic Allard.
4:15 of 3rd period - Shot Misses the Net.
4:17 of 3rd period - Snap shot by Ilya Mikheyev.
4:17 of 3rd period - Stopped by Joni Ortio with a rebound.
4:19 of 3rd period - Wrist shot by Daniel O'regan.
4:19 of 3rd period - Shot Blocked by Joe Morrow.
4:21 of 3rd period - Slapshot by Connor Mackey.
4:21 of 3rd period - Deflect By Ilya Mikheyev.
4:21 of 3rd period - Stopped by Joni Ortio without a rebound.
4:22 of 3rd period - Jason Dickinson wins face-off versus Riley Armstrong in Griffins zone.
4:29 of 3rd period - Wrist shot by Jason Dickinson.
4:29 of 3rd period - Stopped by Joni Ortio with a rebound.
4:31 of 3rd period - Snap shot by Michael Mersch.
4:31 of 3rd period - Deflect By Matt Luff.
4:31 of 3rd period - Shot Blocked by Dmitri Orlov.
4:31 of 3rd period - Puck is out of play.
4:32 of 3rd period - Jason Dickinson wins face-off versus Riley Armstrong in Griffins zone.
4:40 of 3rd period - Minor Penalty to Riley Armstrong for Hooking.
4:41 of 3rd period - Daniel O'regan wins face-off versus Vladislav Namestnikov in Griffins zone.
5:08 of 3rd period - Icing by Alex Belzile.
5:09 of 3rd period - Vladislav Namestnikov wins face-off versus Henrik Borgstrom in Little Stars zone.
5:37 of 3rd period - Backhand shot by Ilya Mikheyev.
5:37 of 3rd period - Shot Misses the Net.
5:39 of 3rd period - Wrist shot by Daniel O'regan.
5:39 of 3rd period - Shot Blocked by Jack Roslovic.
6:24 of 3rd period - Chris Bigras is hit by Ilya Mikheyev and loses puck.
6:40 of 3rd period - Penalty to Riley Armstrong is over, Riley Armstrong is back on ice.
6:53 of 3rd period - Emile Poirier is hit by Adam Gaudette and loses puck.
7:18 of 3rd period - Snap shot by Jason Dickinson.
7:18 of 3rd period - Deflect By Tyler Bertuzzi.
7:18 of 3rd period - Stopped by Joni Ortio with a rebound.
7:32 of 3rd period - Backhand shot by Troy Terry.
7:32 of 3rd period - Deflect By Connor Mackey.
7:32 of 3rd period - Stopped by Michael Houser with a rebound.
7:47 of 3rd period - Off-side.
7:48 of 3rd period - Daniel O'regan wins face-off versus Vladislav Namestnikov in neutral zone.
7:59 of 3rd period - Adam Tambellini is hit by Ian McCoshen and loses puck.
8:40 of 3rd period - Michael Mersch is hit by Ryan Pulock and loses puck.
9:01 of 3rd period - Slapshot by Emile Poirier.
9:01 of 3rd period - Stopped by Joni Ortio without a rebound.
9:02 of 3rd period - Sonny Milano wins face-off versus Daniel O'regan in Griffins zone.
9:28 of 3rd period - Tucker Poolman is hit by Tyler Bertuzzi.
9:50 of 3rd period - Icing by Ryan Lindgren.
9:51 of 3rd period - Jason Dickinson wins face-off versus Nico Hischier in Griffins zone.
9:54 of 3rd period - Snap shot by Jason Dickinson.
9:54 of 3rd period - Shot Misses the Net.
9:56 of 3rd period - Snap shot by Matt Luff.
9:56 of 3rd period - Goal by Matt Luff - Griffins : 2 - Little Stars : 2.
9:57 of 3rd period - Daniel O'regan wins face-off versus Jack Roslovic in neutral zone.
10:00 of 3rd period - Slapshot by Eric Knodel.
10:00 of 3rd period - Shot Blocked by Martin Frk.
11:08 of 3rd period - Wrist shot by Daniel O'regan.
11:08 of 3rd period - Shot Misses the Net.
11:10 of 3rd period - Snap shot by Adam Tambellini.
11:10 of 3rd period - Stopped by Joni Ortio with a rebound.
11:24 of 3rd period - Alex Belzile is hit by Jack Roslovic and loses puck.
12:46 of 3rd period - Minor Penalty to Ian McCoshen for Boarding.
12:47 of 3rd period - Vladislav Namestnikov wins face-off versus Adam Tambellini in Griffins zone.
14:06 of 3rd period - Ville Pokka is hit by Lucas Lessio.
14:46 of 3rd period - Penalty to Ian McCoshen is over, Ian McCoshen is back on ice.
14:46 of 3rd period - Ilya Mikheyev is hit by Dmitri Orlov and loses puck.
15:01 of 3rd period - Slapshot by Joe Morrow.
15:01 of 3rd period - Stopped by Michael Houser with a rebound.
15:18 of 3rd period - Frederic Allard is hit by Ryan Pulock and loses puck.
15:35 of 3rd period - Adam Gaudette is hit by Alex Belzile and loses puck.
16:04 of 3rd period - Adam Tambellini is hit by Vladislav Namestnikov and loses puck.
16:25 of 3rd period - Jack Roslovic is hit by Ville Pokka and loses puck.
17:24 of 3rd period - Ville Pokka is hit by Dmitri Orlov and loses puck.
18:11 of 3rd period - Daniel O'regan is hit by Tyler Bertuzzi and loses puck.
19:47 of 3rd period - Brendan Woods is hit by Matt Luff and loses puck.
Goals for this period are 0 for Griffins vs 1 for Little Stars.
Shots for this period are 3 for Griffins vs 12 for Little Stars.
Overtime #1
0:01 of 1st overtime period - Jack Roslovic wins face-off versus Daniel O'regan in neutral zone.
0:06 of 1st overtime period - Snap shot by Jack Roslovic.
0:06 of 1st overtime period - Shot Misses the Net.
0:40 of 1st overtime period - Troy Terry is hit by Alex Belzile and loses puck.
1:25 of 1st overtime period - Joakim Nygard is hit by Ian McCoshen and loses puck.
2:01 of 1st overtime period - Tyler Bertuzzi is hit by Ville Pokka and loses puck.
2:44 of 1st overtime period - Lucas Lessio is hit by Alex Belzile and loses puck.
3:06 of 1st overtime period - Emile Poirier is hit by Ryan Lindgren and loses puck.
3:32 of 1st overtime period - Henrik Borgstrom is hit by Adam Gaudette and loses puck.
3:47 of 1st overtime period - Joe Morrow is hit by Tucker Poolman and loses puck.
Goals for this period are 0 for Griffins vs 0 for Little Stars.
Shots for this period are 0 for Griffins vs 0 for Little Stars.
ShootOut
5:00 of 1st overtime period - Round #1.
5:00 of 1st overtime period - Griffins, Jack Roslovic.
5:00 of 1st overtime period - Deke by Jack Roslovic.
5:00 of 1st overtime period - Stopped by Michael Houser.
5:00 of 1st overtime period - Little Stars, Ilya Mikheyev.
5:00 of 1st overtime period - Wrist shot by Ilya Mikheyev.
5:00 of 1st overtime period - Shot Misses the Net.
5:00 of 1st overtime period - Round #2.
5:00 of 1st overtime period - Griffins, Adam Gaudette.
5:00 of 1st overtime period - Wrist shot by Adam Gaudette.
5:00 of 1st overtime period - Shot Misses the Net.
5:00 of 1st overtime period - Little Stars, Adam Tambellini.
5:00 of 1st overtime period - Deke by Adam Tambellini.
5:00 of 1st overtime period - Stopped by Joni Ortio.
5:00 of 1st overtime period - Round #3.
5:00 of 1st overtime period - Griffins, Riley Armstrong.
5:00 of 1st overtime period - Wrist shot by Riley Armstrong.
5:00 of 1st overtime period - Stopped by Michael Houser.
5:00 of 1st overtime period - Little Stars, Daniel O'regan.
5:00 of 1st overtime period - Wrist shot by Daniel O'regan.
5:00 of 1st overtime period - Stopped by Joni Ortio.
5:00 of 1st overtime period - Round #4.
5:00 of 1st overtime period - Griffins, Lucas Lessio.
5:00 of 1st overtime period - Deke by Lucas Lessio.
5:00 of 1st overtime period - Stopped by Michael Houser.
5:00 of 1st overtime period - Little Stars, Henrik Borgstrom.
5:00 of 1st overtime period - Snap shot by Henrik Borgstrom.
5:00 of 1st overtime period - Shot Misses the Net.
5:00 of 1st overtime period - Round #5.
5:00 of 1st overtime period - Griffins, Brendan Woods.
5:00 of 1st overtime period - Wrist shot by Brendan Woods.
5:00 of 1st overtime period - Goal by Brendan Woods.
5:00 of 1st overtime period - Little Stars, Joakim Nygard.
5:00 of 1st overtime period - Deke by Joakim Nygard.
5:00 of 1st overtime period - Stopped by Joni Ortio.